 Dungeon Crawl Stone Soup version 0.25-a0-356-g7c9d860b3b (webtiles) character file.

Game seed: 1837357680571210077, levelgen mode: deterministic

244532 Borgoz the Bludgeoner (level 19, -16/128 HPs)
             Began as a Gargoyle Gladiator on Jan 3, 2020.
             Was the Champion of Makhleb.
             Demolished by a naga warrior
             ... wielding a +0 glaive
              (21 damage)
             ... on level 4 of the Snake Pit.
             The game lasted 01:16:11 (31006 turns).

Borgoz the Bludgeoner (Gargoyle Gladiator)         Turns: 31006, Time: 01:16:11

Health: -16/128    AC: 35    Str: 32    XL:     19   Next: 90%
Magic:  0/26       EV: 16    Int:  6    God:    Makhleb [******]
Gold:   628        SH:  0    Dex: 14    Spells: 18/18 levels left

rFire    + . .     SeeInvis .   a - +9 great mace of the Whelk {drain, rC+ Str+4 Int-4}
rCold    + . .     Gourm    .   (shield currently unavailable)
rNeg     + . .     Faith    .   K - +0 chain mail of the Bard {MR+ rCorr Slay+3}
rPois    ∞         Spirit   +   c - +0 helmet
rElec    +         Reflect  .   r - scarf {Spirit}
rCorr    +         Harm     .   U - +2 pair of gloves
MR       ++...     NoTele   +   n - +0 pair of boots
Stlth    ..........             Q - amulet of rage
HPRegen  0.31/turn              v - ring of Ozxuz Cui {-Tele Str+4 Int+2 Slay+6}
MPRegen  0.20/turn              V - ring of protection from fire

@: berserk cooldown, flying, slowed, very slow
A: big wings, negative energy resistance 1, electricity resistance, unbreathing,
petrification resistance, rot immunity, AC +14
}: 1/15 runes: barnacled
a: Stop Flying, Minor Destruction, Lesser Servant of Makhleb, Major Destruction,
Greater Servant of Makhleb, Renounce Religion, Evoke Berserk Rage


You were on level 4 of the Snake Pit.
You worshipped Makhleb.
Makhleb was exalted by your worship.
You were very hungry.

You visited 6 branches of the dungeon, and saw 32 of its levels.
You visited the Abyss 1 time.
You also visited: Ice Cave.

You collected 3840 gold pieces.
You spent 3212 gold pieces at shops.

Inventory:

Hand Weapons
 a - the +9 great mace of the Whelk (weapon) {drain, rC+ Str+4 Int-4}
   (You found it on level 13 of the Dungeon)

   A truly terrible weapon, it drains the life of those it strikes.
   It affects your strength (+4).
   It affects your intelligence (-4).
   It protects you from cold.
 b - a +3 great mace of holy wrath
 J - the +3 great mace of Xiwirey {elec, rPois Dex+5}
   (You bought it in a shop on level 1 of the Snake Pit)

   Occasionally, upon striking a foe, it will discharge some electrical energy
   and cause terrible harm.
   It affects your dexterity (+5).
   It protects you from poison.
 P - the +10 flail of the Saviour {chaos, SInv Stlth+}
   (You found it on level 3 of the Snake Pit)

   Each time it hits an enemy it has a different, random effect.
   It lets you see invisible.
   It makes you more stealthy.
Missiles
 d - 17 throwing nets (quivered)
Armour
 c - a +0 helmet (worn)
 e - the +1 plate armour of Time Monsters {*Drain Str+3 Dex+4}
   (You bought it in a shop on level 2 of the Orcish Mines)

   It affects your strength (+3).
   It affects your dexterity (+4).
   It causes draining when unequipped.
 n - a +0 pair of boots (worn)
 q - the +0 pair of gloves of Xoadwan {Regen+ rCorr Str-3 Int-2}
   (You found it on level 1 of the Shoals)

   It affects your strength (-3).
   It affects your intelligence (-2).
   It increases your rate of regeneration.
   It provides partial protection from all sources of acid and corrosion.
 r - a scarf of spirit shield (worn)
 K - the +0 chain mail of the Bard (worn) {MR+ rCorr Slay+3}
   (You bought it in a shop on level 1 of the Snake Pit)

   It affects your accuracy and damage with ranged weapons and melee attacks
   (+3).
   It affects your resistance to hostile enchantments.
   It provides partial protection from all sources of acid and corrosion.
 M - a scarf of cloud immunity
 T - the +1 robe "Hevvuyruipu" {rElec Dex+4, unknown}
   (You found it on level 3 of the Snake Pit)

   It affects your dexterity (+4).
   It insulates you from electricity.
 U - a +2 pair of gloves (worn)
Jewellery
 h - an uncursed ring of protection from cold
 v - the ring of Ozxuz Cui (left hand) {-Tele Str+4 Int+2 Slay+6}
   (You bought it in a shop on level 12 of the Dungeon)

   [ring of intelligence]

   It affects your strength (+4).
   It affects your intelligence (+2).
   It affects your accuracy and damage with ranged weapons and melee attacks
   (+6).
   It prevents most forms of teleportation.
 G - a +6 amulet of reflection
 L - an uncursed ring of see invisible
 O - the ring of Joy {rF+ rC- rN+ MR+ Dex+4}
   (You acquired it on level 3 of the Snake Pit)

   [ring of positive energy]

   It affects your dexterity (+4).
   It protects you from fire.
   It makes you vulnerable to cold.
   It protects you from negative energy.
   It affects your resistance to hostile enchantments.
 Q - an amulet of rage (around neck)
 V - a ring of protection from fire (right hand)
Wands
 w - a wand of scattershot (11)
 C - a wand of digging (22)
 F - a wand of iceblast (33)
 H - a wand of paralysis (6)
Scrolls
 j - 8 scrolls of remove curse
 l - a scroll of identify
 m - 5 scrolls of magic mapping
 p - 2 scrolls of summoning
 s - 15 scrolls of teleportation
 u - 3 scrolls of fog
 x - 5 scrolls of blinking
 A - a scroll of fear
 E - 2 scrolls of enchant armour
 I - a scroll of enchant weapon
 R - a scroll of silence
 S - a scroll of brand weapon
Potions
 g - 3 potions of might
 i - 13 potions of curing
 k - a potion of haste
 o - 4 potions of resistance
 t - a potion of berserk rage
 z - 6 potions of agility
 B - 7 potions of heal wounds
 D - 2 potions of cancellation
 X - a potion of invisibility
Comestibles
 f - 73 rations


   Skills:
 + Level 17.2 Fighting
 + Level 19.5 Maces & Flails
 - Level 1.7 Throwing
 + Level 17.0 Armour
 + Level 11.7 Dodging
   Level 5.7 Shields
 - Level 10.0 Evocations


You had 18 spell levels left.
You didn't know any spells.
Your spell library contained the following spells:

 Spells                   Type           Power        Failure   Level  Hunger
 Animate Skeleton         Necr           N/A          80%         1    ##.....
 Apportation              Tloc           #.....       80%         1    ##.....
 Confusing Touch          Hex            #.....       80%         1    ##.....
 Corona                   Hex            #......      80%         1    ##.....
 Summon Small Mammal      Summ           #...         80%         1    ##.....
 Call Imp                 Summ           #.......     91%         2    ###....
 Corpse Rot               Necr/Air       N/A          91%         2    ###....
 Ensorcelled Hibernation  Hex/Ice        #.....       91%         2    ###....
 Poisonous Vapours        Pois/Air       #.....       91%         2    ###....
 Call Canine Familiar     Summ           #.......     99%         3    ####...
 Confuse                  Hex            #.......     99%         3    ####...
 Conjure Flame            Conj/Fire      #.......     99%         3    ####...
 Dazzling Flash           Conj/Hex       #.....       99%         3    ####...
 Gell's Gravitas          Tloc           #.........   99%         3    ####...
 Mephitic Cloud           Conj/Pois/Air  #.......     99%         3    ####...
 Stone Arrow              Conj/Erth      #.....       99%         3    ####...
 Summon Guardian Golem    Hex/Summ       #.......     99%         3    ####...
 Tukima's Dance           Hex            #.......     99%         3    ####...
 Petrify                  Tmut/Erth      #.......     100%        4    #####..
 Summon Ice Beast         Ice/Summ       #.......     100%        4    #####..
 Summon Lightning Spire   Summ/Air       #.......     100%        4    #####..
 Metabolic Englaciation   Hex/Ice        #.........   100%        5    ######.
 Summon Forest            Summ/Tloc      #.........   100%        5    ######.
 Yara's Violent Unravell  Hex/Tmut       #.........   100%        5    ######.
 Eringya's Noxious Bog    Tmut/Pois      #.........   100%        6    #######
 Freezing Cloud           Conj/Ice/Air   #.........   100%        6    #######
 Hydra Form               Tmut           #.........   100%        6    #######
 Ring of Flames           Chrm/Fire      #.........   100%        7    #######
 Summon Hydra             Summ           #.........   100%        7    #######


Dungeon Overview and Level Annotations

Branches:
Dungeon (15/15)            Temple (1/1) D:4            Lair (6/6) D:8
 Shoals (4/4) Lair:4        Snake (4/4) Lair:2        Slime (0/5) Lair:6
    Orc (2/2) D:12            Elf (0/3) Orc:2        Vaults (0/5) D:13
 Depths (0/5) D:15          IceCv (visited)

Altars:
Ashenzari
Cheibriados
Dithmenos
Elyvilon
Fedhas
Gozag
Hepliaklqana
Kikubaaqudgha
Makhleb
Nemelex Xobeh
Okawaru
Qazlal
Ru
Sif Muna
Trog
Uskayaw
Vehumet
Wu Jian
Xom
Yredelemnul
Zin
The Shining One
Jiyva

Shops:
D:6 }   D:11 =   D:12 *(=:?   D:13 *   D:15 (   Orc:2 [=**(   Shoals:2 *:==?
Shoals:3 *   Snake:1 [(([}   Snake:3 (


Innate Abilities, Weirdness & Mutations

You are resistant to torment.
Your stone body is resilient. (AC +14)
You are immune to poison.
Your large and strong wings let you fly indefinitely.
You resist negative energy. (rN+)
You are resistant to electric shocks. (rElec)
You can survive without breathing.
You are immune to petrification.
You are immune to rotting.


Message History

The nagaraja points at you and mumbles some strange words.
The poison arrow hits you but does no damage.
You closely miss the nagaraja.
The nagaraja is moderately wounded.
You are no longer berserk.
You are exhausted.
You feel yourself slow down.
The naga mage hits you but does no damage.
The naga spits poison at you. The splash of poison misses you.
The nagaraja gestures at you while chanting.
You resist with almost no effort.
The naga sharpshooter unwields a +0 trident.
The naga sharpshooter wields a +0 arbalest.
The naga sharpshooter gestures wildly while chanting.
The naga sharpshooter magically shoots a bolt.
The bolt hits you!
* * * LOW HITPOINT WARNING * * *
The naga warrior hits you with a +0 glaive!!
You die...

.## ##.#..# #..
##).#...#
#...##(..#####
......).....######
.........(..#....###
..........(.#......##
.#.....#..N.#N......#
..........NN#N).....#
........#.†#(@.N....#
##...⌠...N##NN#N.....
.........#NNNN......
......N.NNN.......
..#N..N..N........
..............#..
.............##..
...........#


You could see 2 naga warriors, 2 nagarajas, 5 naga sharpshooters, 7 naga magi
and 3 nagas.

Vanquished Creatures
  Bai Suzhen (Snake:3)
  Nikola (Shoals:1)
  Jorgrun (Orc:2)
  Rupert (D:14)
  Asterion (Snake:1)
  An acid blob (Lair:6)
  2 krakens
  An Executioner (Abyss:2)
  Polyphemus (Shoals:3)
  A storm dragon (D:15)
  4 nagarajas
  Kirke (Snake:1)
  A frost giant (IceCv)
  An orc warlord (Orc:2)
  Nessos (Lair:6)
  Azrael (D:13)
  A deep elf annihilator (D:15)
  A blizzard demon (Abyss:2)
  7 merfolk javelineers
  11 merfolk impalers
  The ghost of Jefobbuiso the Spear-Bearer, a journeyman DsWn of Okawaru (Lair:4)
  A fire dragon (Lair:6)
  The ghost of Jeoraust the Cleaver, a journeyman MiFi of Okawaru (D:15)
  A yaktaur captain (D:15)
  8 hydras
  A rakshasa (Abyss:2)
  4 vault guards (D:13)
  8 naga warriors
  An ice dragon (Lair:6)
  4 catoblepae
  A death knight (D:12)
  18 two-headed ogres
  3 merfolk aquamancers
  12 anacondas
  4 merfolk avatars
  5 centaur warriors
  4 satyrs
  2 ogre magi (D:15)
  12 naga sharpshooters
  An orc high priest (Orc:2)
  8 death yaks
  Urug (Lair:6)
  A sixfirhy (Abyss:2)
  A wretched star (Abyss:2)
  2 fire crabs (Shoals:1)
  9 shock serpents
  2 unseen horrors
  A skeletal warrior (D:12)
  A swamp dragon (Lair:6)
  14 sea snakes
  12 naga ritualists
  A lindwurm (Lair:6)
  The ghost of Shadow153 the Spear-Bearer, a novice MiFi of Okawaru (D:6)
  10 mana vipers
  4 orc knights
  21 harpies
  4 orc sorcerers
  4 ugly things
  2 deep elf magi
  5 cyclopes
  3 fauns (Shoals:2)
  6 elephants (Lair:5)
  11 salamanders
  24 manticores
  Maurice (Orc:1)
  A worldbinder (Abyss:2)
  2 centaur zombies (D:15)
  41 black mambas
  An ice statue (IceCv)
  A water nymph (shapeshifter) (D:13)
  6 merfolk sirens
  An apocalypse crab (Abyss:2)
  A guardian serpent (Snake:3)
  5 torpor snails (Lair:6)
  6 water nymphs (Shoals:4)
  6 spiny frogs
  A smoke demon (Abyss:2)
  14 naga magi
  A gargoyle (D:15)
  3 rime drakes
  15 komodo dragons
  An efreet (Abyss:2)
  2 ice devils (Lair:1)
  A yaktaur (D:15)
  2 freezing wraiths (D:12)
  A redback zombie (D:15)
  An ancient zyme (Abyss:2)
  46 merfolk
  A queen bee (Lair:2)
  18 polar bears
  4 tyrant leeches (Lair:6)
  5 trolls
  3 wind drakes
  3 raiju (Abyss:2)
  12 hornets
  7 slime creatures
  9 blink frogs
  A meliai zombie (D:14)
  10 snapping turtles
  A flying skull (Abyss:2)
  13 hippogriffs
  A shadow (Abyss:2)
  13 water elementals
  2 wyverns
  5 wraiths
  5 basilisks
  47 yaks
  4 fire elementals (D:13)
  6 hogs
  6 hungry ghosts
  A small abomination (Abyss:2)
  A human (D:7)
  A steam dragon (Lair:6)
  4 vampire mosquitoes (D:13)
  5 large abominations (Abyss:2)
  2 wargs (Orc:2)
  A swamp worm (shapeshifter) (D:15)
  31 nagas
  Edmund (D:6)
  3 acid dragons
  2 two-headed ogre zombies (D:12)
  8 water moccasins
  3 porcupines
  3 hell hounds (D:13)
  4 black bears
  3 ice beasts
  6 sky beasts
  2 swamp drakes (Lair:6)
  27 orc warriors
  15 ogres
  An eye of draining (D:15)
  A necrophage (D:10)
  5 phantoms
  64 wolves
  9 centaurs
  19 crocodiles
  3 big kobolds
  Blork the orc (D:6)
  A gnoll sergeant (D:6)
  13 bullfrogs
  A scorpion (D:7)
  2 wyvern skeletons
  2 troll zombies (D:12)
  A water moccasin skeleton (D:8)
  23 killer bees (Lair:2)
  2 vampire bats (Orc:1)
  4 howler monkeys
  10 wights
  5 electric eels
  2 bullfrog zombies
  9 crimson imps
  5 quasits
  2 bullfrog skeletons
  6 hounds
  4 centaur skeletons
  9 orc priests
  2 jellies
  23 orc wizards
  5 hell rats
  5 iguanas
  9 worker ants
  4 ogre zombies (D:12)
  A hound skeleton (D:7)
  A killer bee simulacrum (D:9)
  A worker ant zombie (D:7)
  9 gnolls
  15 adders
  A howler monkey skeleton (D:5)
  4 river rats (D:5)
  2 shadow imps
  2 white imps (D:9)
  3 worms
  An adder skeleton (D:8)
  A dart slug (D:3)
  2 leopard geckos
  77 orcs
  4 ball pythons
  8 bats
  4 giant cockroaches
  A goblin (D:3)
  8 hobgoblins
  20 kobolds
  5 quokkas
  3 frilled lizards
  A goblin skeleton (D:12)
  6 goblin zombies (D:12)
  A hobgoblin skeleton (D:12)
  A hobgoblin zombie (D:12)
  A jackal skeleton (D:4)
  A kobold zombie (Abyss:2)
  4 orc skeletons (D:12)
  12 orc zombies (D:12)
  A quokka skeleton (D:4)
  10 rats
  A lurking horror (Abyss:2)
  A plant (Shoals:2)
  4 tentacles
1208 creatures vanquished.

Vanquished Creatures (others)
  An unseen horror (D:13)
  An orc wizard (D:9)
  2 giant cockroaches (D:5)
  A kobold (D:11)
  15 fungi
  67 plants
  8 tentacles
95 creatures vanquished.

Grand Total: 1303 creatures vanquished

Notes
Turn   | Place    | Note
-------+----------+-------------------------------------------
     0 | D:1      | Borgoz the Gargoyle Gladiator began the quest for the Orb.
     0 | D:1      | Reached XP level 1. HP: 12/12 MP: 1/1
   133 | D:1      | Reached XP level 2. HP: 18/18 MP: 2/2
   684 | D:2      | Reached skill level 1 in Armour
  1015 | D:2      | Reached XP level 3. HP: 19/22 MP: 3/3
  1484 | D:3      | Reached skill level 4 in Maces & Flails
  1484 | D:3      | Reached XP level 4. HP: 26/27 MP: 4/4
  2228 | D:4      | Reached XP level 5. HP: 24/32 MP: 5/5
  2262 | D:4      | Noticed an ogre
  2269 | D:4      | Killed an ogre
  2269 | D:4      | Reached skill level 5 in Maces & Flails
  2271 | D:4      | Reached XP level 6. HP: 33/38 MP: 6/6
  2604 | D:4      | Noticed a phantom
  2660 | D:4      | Killed a phantom
  2660 | D:4      | Reached XP level 7. HP: 27/44 MP: 7/7
  2736 | D:4      | Reached skill level 6 in Maces & Flails
  2826 | D:4      | Found a staircase to the Ecumenical Temple.
  2923 | Temple   | Entered the Ecumenical Temple
  3002 | Temple   | Became a worshipper of Makhleb the Destroyer
  3118 | D:5      | Entered Level 5 of the Dungeon
  3402 | D:5      | Found a radiant altar of Vehumet.
  3583 | D:5      | Reached skill level 5 in Fighting
  3744 | D:5      | Reached XP level 8. HP: 49/49 MP: 8/8
  3885 | D:5      | Found a radiant altar of Vehumet.
  4026 | D:6      | Noticed Edmund
  4036 | D:6      | Killed Edmund
  4036 | D:6      | Reached skill level 7 in Maces & Flails
  4105 | D:6      | Reached skill level 5 in Armour
  4221 | D:6      | Found Lit Team's Gadget Shoppe.
  4385 | D:6      | Reached skill level 8 in Maces & Flails
  4393 | D:6      | Reached * piety under Makhleb
  4393 | D:6      | Noticed Blork the orc
  4413 | D:6      | Killed Blork the orc
  4432 | D:6      | Reached XP level 9. HP: 54/56 MP: 9/9
  4485 | D:6      | Found a shimmering altar of Xom.
  4583 | D:6      | Found a transporter.
  4589 | D:6      | Found a transporter.
  4697 | D:6      | Reached skill level 9 in Maces & Flails
  4823 | D:6      | Noticed Shadow153's ghost (novice MiFi)
  5552 | D:7      | Reached skill level 10 in Maces & Flails
  5564 | D:7      | Reached XP level 10. HP: 54/64 MP: 8/10
  5746 | D:8      | Found a staircase to the Lair.
  5760 | D:8      | Reached ** piety under Makhleb
  6010 | D:8      | Noticed a two-headed ogre
  6021 | D:8      | Killed a two-headed ogre
  6090 | D:8      | Reached skill level 11 in Maces & Flails
  6351 | D:9      | Reached *** piety under Makhleb
  6392 | D:9      | Got a colourful robe
  6401 | D:9      | Got a crude quarterstaff
  6405 | D:9      | Identified the +4 quarterstaff "Concordance" {crush, +Inv
                  | rPois} (You found it on level 9 of the Dungeon)
  6453 | D:9      | Found a radiant altar of Vehumet.
  6563 | D:9      | Noticed a two-headed ogre
  6575 | D:9      | Killed a two-headed ogre
  6865 | D:9      | Reached XP level 11. HP: 71/71 MP: 11/11
  7237 | D:10     | Entered Level 10 of the Dungeon
  7329 | D:10     | Got a scorched battleaxe
  7330 | D:10     | Identified the +8 battleaxe of Frustration {pain, rElec}
                  | (You found it on level 10 of the Dungeon)
  7431 | D:10     | Reached **** piety under Makhleb
  7482 | D:10     | Noticed a two-headed ogre
  7497 | D:10     | Killed a two-headed ogre
  7712 | D:10     | Reached skill level 10 in Fighting
  7749 | D:10     | Reached skill level 12 in Maces & Flails
  8057 | D:6      | Killed Shadow153's ghost
  8207 | D:11     | Noticed a cyclops
  8215 | D:11     | Killed a cyclops
  8215 | D:11     | Reached skill level 10 in Armour
  8794 | D:11     | Found Xoulytruynn's Jewellery Shop.
  8798 | D:11     | Bought an uncursed amulet of rage for 600 gold pieces
  9086 | D:12     | Found Zuehia's Jewellery Shop.
  9096 | D:12     | Found Fuocyig's Antique Weapon Boutique.
  9137 | D:12     | Bought a brightly glowing whip for 187 gold pieces
  9137 | D:12     | Identified the +10 whip "Huzauteh" {slash, Fragile Int+5}
                  | (You bought it in a shop on level 12 of the Dungeon)
  9190 | D:12     | Noticed a purple ugly thing
  9208 | D:12     | Killed a purple ugly thing
  9208 | D:12     | Reached skill level 1 in Evocations
  9255 | D:12     | Found Boefamm Zuus's Magic Scroll Boutique.
  9303 | D:12     | Reached ***** piety under Makhleb
  9304 | D:12     | Found a staircase to the Orcish Mines.
  9378 | D:12     | Bought a scroll of identify for 30 gold pieces
  9546 | D:12     | Noticed a manticore
  9561 | D:12     | Killed a manticore
  9604 | D:12     | Found Bukoapea's Book Shop.
  9673 | D:12     | Noticed a death knight
  9673 | D:12     | Noticed a skeletal warrior
  9683 | D:12     | Killed a skeletal warrior
  9683 | D:12     | Reached XP level 12. HP: 66/79 MP: 10/13
  9697 | D:12     | Killed a death knight
  9850 | D:12     | Found Bydonames's Assorted Antiques.
  9932 | D:12     | Bought a scroll of identify for 48 gold pieces
  9997 | D:13     | Noticed a two-headed ogre
 10054 | D:13     | Noticed a two-headed ogre
 10068 | D:13     | Killed a two-headed ogre
 10068 | D:13     | Reached skill level 13 in Maces & Flails
 10186 | D:13     | Noticed Azrael
 10223 | D:13     | Killed Azrael
 10391 | D:13     | Killed a two-headed ogre
 10643 | D:13     | Noticed a centaur warrior
 10649 | D:13     | Got a crystal great mace
 10847 | D:12     | Identified the +9 great mace of the Whelk {drain, rC+ Str+4
                  | Int-4} (You found it on level 13 of the Dungeon)
 10886 | Orc:1    | Entered Level 1 of the Orcish Mines
 10967 | Orc:2    | Entered Level 2 of the Orcish Mines
 11059 | Orc:1    | Noticed Maurice
 11152 | Orc:2    | Found Nifiap's General Store.
 11160 | Orc:2    | Noticed Jorgrun
 11176 | Orc:2    | Killed Jorgrun
 11176 | Orc:2    | Reached XP level 13. HP: 85/85 MP: 13/16
 11204 | Orc:2    | Found Negrexy's General Store.
 11328 | Orc:2    | Found Naniku's Antique Weapon Boutique.
 11354 | Orc:2    | Reached skill level 14 in Maces & Flails
 11433 | Orc:2    | Found a staircase to the Elven Halls.
 11520 | Orc:2    | Found Weonuttu's Jewellery Boutique.
 11520 | Orc:2    | Noticed an orc warlord
 11748 | D:13     | Found Aderr's Mayhem Merchandise.
 11859 | D:13     | Noticed a vault guard
 11869 | D:13     | Killed a vault guard
 11874 | D:13     | Reached skill level 5 in Evocations
 11884 | D:13     | Reached skill level 5 in Dodging
 12131 | D:13     | Noticed a vault guard
 12138 | D:13     | Killed a vault guard
 12147 | D:13     | Found a gate to the Vaults.
 12167 | D:13     | Noticed a vault guard
 12170 | D:13     | Noticed a vault guard
 12177 | D:13     | Killed a vault guard
 12178 | D:13     | Killed a vault guard
 12251 | D:13     | Reached ****** piety under Makhleb
 12526 | D:14     | Noticed Rupert
 12538 | D:14     | Killed Rupert
 12969 | D:14     | Gained mutation: Your large and strong wings let you fly
                  | indefinitely. [Gargoyle growth]
 12969 | D:14     | Reached XP level 14. HP: 76/92 MP: 13/18
 13406 | D:15     | Entered Level 15 of the Dungeon
 13406 | D:15     | Found Zenu's Weapon Shop.
 13414 | D:15     | Reached skill level 15 in Maces & Flails
 13583 | D:15     | Found a runed translucent gate.
 13585 | D:15     | Found a runed translucent gate.
 13585 | D:15     | Noticed a deep elf annihilator
 13586 | D:15     | Found an opulent altar of Gozag.
 13586 | D:15     | Noticed Jeoraust's ghost (journeyman MiFi)
 13587 | D:15     | Found a runed translucent gate.
 13587 | D:15     | Noticed a storm dragon
 14291 | D:15     | Found a staircase to the Depths.
 14600 | Lair:1   | Entered Level 1 of the Lair of Beasts
 14650 | Lair:1   | Found a frozen archway.
 14667 | IceCv    | Entered an ice cave
 14799 | IceCv    | Reached XP level 15. HP: 99/99 MP: 20/20
 14979 | IceCv    | Reached skill level 16 in Maces & Flails
 15078 | IceCv    | Noticed a frost giant
 15090 | IceCv    | Killed a frost giant
 16098 | Lair:2   | Found a staircase to the Snake Pit.
 16683 | Lair:2   | You are sucked into a shaft and drop 2 floors!
 18050 | Lair:4   | Found a staircase to the Shoals.
 18372 | Lair:4   | Found a runed translucent gate.
 18372 | Lair:4   | Found a runed translucent gate.
 18372 | Lair:4   | Found a runed translucent gate.
 18376 | Lair:4   | Noticed Jefobbuiso's ghost (journeyman DsWn)
 18390 | Lair:4   | Killed Jefobbuiso's ghost
 18792 | Lair:5   | Got a dazzling halberd
 19492 | Lair:6   | Entered Level 6 of the Lair of Beasts
 19564 | Lair:6   | Reached XP level 16. HP: 106/106 MP: 8/22
 19734 | Lair:6   | Noticed Urug
 19741 | Lair:6   | Killed Urug
 19814 | Lair:6   | Reached skill level 17 in Maces & Flails
 20232 | Lair:6   | Found a runed translucent door.
 20232 | Lair:6   | Found a viscous altar of Jiyva.
 20232 | Lair:6   | Found a staircase to the Slime Pits.
 20232 | Lair:6   | Noticed an acid blob
 20390 | Lair:6   | Found a runed translucent door.
 20525 | Lair:6   | Noticed Nessos
 20529 | Lair:6   | Killed Nessos
 20665 | Lair:6   | Killed an acid blob
 20768 | Lair:3   | Got a steaming hunting sling
 21188 | Orc:2    | Found Siurgh's Antique Armour Emporium.
 21401 | Orc:1    | Killed Maurice
 21838 | Orc:2    | Bought a steaming plate armour for 756 gold pieces
 21849 | Orc:2    | Identified the cursed +1 plate armour of Time Monsters
                  | {*Drain Str+3 Dex+4} (You bought it in a shop on level 2 of
                  | the Orcish Mines)
 21995 | Orc:2    | Bought an uncursed ring of protection from cold for 250
                  | gold pieces
 22053 | D:12     | Bought the ring of Ozxuz Cui {-Tele Str+4 Int+2 Slay+6} for
                  | 510 gold pieces
 22456 | D:15     | Killed a storm dragon
 22469 | D:15     | Killed Jeoraust's ghost
 22798 | Shoals:1 | Entered Level 1 of the Shoals
 22812 | Shoals:1 | Got a pair of heavily runed gloves
 22813 | Shoals:1 | Identified the +0 pair of gloves of Xoadwan {Regen+ rCorr
                  | Str-3 Int-2} (You found it on level 1 of the Shoals)
 22859 | Shoals:1 | Noticed Nikola
 22868 | Shoals:1 | Killed Nikola
 22885 | Shoals:1 | Cast into level 2 of the Abyss (merfolk)
 23004 | Abyss:2  | Noticed an Executioner
 23015 | Abyss:2  | Killed an Executioner
 23043 | Abyss:2  | Reached XP level 17. HP: 112/112 MP: 15/24
 23186 | Shoals:1 | Escaped the Abyss
 24001 | Shoals:2 | Reached skill level 18 in Maces & Flails
 24018 | Shoals:2 | Reached skill level 1 in Shields
 24111 | Shoals:2 | Found Xeunace's Jewellery Shoppe.
 24150 | Shoals:2 | Found Ruve's Magic Scroll Emporium.
 24181 | Shoals:2 | Found Lempaor's Jewellery Shop.
 24186 | Shoals:2 | Bought a scroll of fear for 49 gold pieces
 24200 | Shoals:2 | Reached skill level 15 in Fighting
 24798 | Shoals:2 | Found Ejom's Book Shoppe.
 24809 | Shoals:2 | Reached skill level 10 in Evocations
 24873 | Shoals:2 | Found Uxafakk's General Store.
 25205 | Shoals:3 | Reached skill level 15 in Armour
 25228 | Shoals:3 | Noticed a kraken
 25243 | Shoals:3 | Killed a kraken
 25393 | Shoals:3 | Found Ahazotz's General Store.
 25961 | Shoals:3 | Noticed Polyphemus
 25972 | Shoals:3 | Killed Polyphemus
 26283 | Shoals:4 | Entered Level 4 of the Shoals
 26292 | Shoals:4 | Reached XP level 18. HP: 119/119 MP: 25/25
 26369 | Shoals:4 | Reached skill level 5 in Shields
 26386 | Shoals:4 | Reached skill level 10 in Dodging
 26863 | Shoals:4 | Got a barnacled rune of Zot
 27512 | Shoals:4 | Got a polished spear
 27724 | Shoals:4 | Got a crude quarterstaff
 27725 | Shoals:4 | Identified the cursed +3 quarterstaff of the Shallot
                  | {crush, Str+3} (You found it on level 4 of the Shoals)
 27964 | Snake:1  | Entered Level 1 of the Snake Pit
 28018 | Snake:1  | Found Cuiqedew's Gadget Shoppe.
 28174 | Snake:1  | Noticed Asterion
 28189 | Snake:1  | Killed Asterion
 28464 | Snake:1  | Found Faehu's Antique Armour Emporium.
 28464 | Snake:1  | Found Xakkuese's Antique Armour Shoppe.
 28465 | Snake:1  | Found Uhos's Weapon Emporium.
 28467 | Snake:1  | Found Raadotil's Antique Weapon Shoppe.
 28476 | Snake:1  | Noticed Kirke
 28488 | Snake:1  | Killed Kirke
 28533 | Snake:1  | Bought a steaming great mace for 402 gold pieces
 28533 | Snake:1  | Identified the +3 great mace of Xiwirey {elec, rPois Dex+5}
                  | (You bought it in a shop on level 1 of the Snake Pit)
 28539 | Snake:1  | Bought a crude chain mail for 380 gold pieces
 28539 | Snake:1  | Identified the +0 chain mail of the Bard {MR+ rCorr Slay+3}
                  | (You bought it in a shop on level 1 of the Snake Pit)
 28697 | Snake:2  | Reached XP level 19. HP: 126/126 MP: 21/26
 28818 | Snake:2  | Reached skill level 19 in Maces & Flails
 29575 | Snake:3  | Found Zaohuc's Antique Weapon Boutique.
 29632 | Snake:3  | Got a translucent flail
 29633 | Snake:3  | Identified a scroll of acquirement
 29634 | Snake:3  | Identified the +10 flail of the Saviour {chaos, SInv
                  | Stlth+} (You found it on level 3 of the Snake Pit)
 29636 | Snake:3  | Got a wavering pewter ring
 29637 | Snake:3  | Identified the ring of Joy {rF+ rC- rN+ MR+ Dex+4} (You
                  | acquired it on level 3 of the Snake Pit)
 29811 | Snake:3  | Noticed Bai Suzhen
 29835 | Snake:3  | Killed Bai Suzhen
 29946 | Snake:3  | Got a heavy robe
 30737 | Snake:4  | Entered Level 4 of the Snake Pit
 31006 | Snake:4  | HP: 5/128 [naga sharpshooter/bolt (8)]
 31006 | Snake:4  | Demolished by a naga warrior

Levels and vault maps discovered:
D:1:      grunt_arrival_crossed_arrows, layout_loops_ring
D:2:      layout_basic, first_ration
D:3:      layout_basic, kennysheep_generic_room_5
D:4:      layout_cave_pools, minmay_temple_entry_statues_pillars
D:5:      wad_woods_stonehenge, layout_basic, fiery_altar_vehumet,
          minmay_tree_intersection
D:6:      layout_basic, serial_shops, nicolae_shop_stone,
          gammafunk_ghost_stat_death, minmay_misc_feat_tower,
          brannock_xom_greatest_gift, uniq_blork_the_orc, uniq_edmund
D:7:      layout_loops_ring, serial_bayou_pond_d, grunt_livestock
D:8:      layout_basic, dpeg_oklobed_lair
D:9:      layout_long_grid, serial_ice, serial_ice_d, serial_ice_a,
          serial_ice_m, serial_ice_l, basic_altar
D:10:     layout_rooms, skrybe_limestone_x, hangedman_abyss_or_decor_stagger
D:11:     layout_basic, serial_shops, shop
D:12:     layout_basic, zombieorc2_lemuel, serial_shops, shop_coins, shop,
          nicolae_shop_waterfront, shop_statue, nicolae_shop_stone
D:13:     layout_basic, lightli_vaults_fourway_checkpoint,
          minmay_misc_feat_pillars, minmay_shop_mayhem, uniq_azrael
D:14:     layout_basic, uniq_rupert
D:15:     grunt_enter_depths_snipers, layout_basic, ebering_ghost_gozag,
          serial_shops, shop
Temple:   grunt_wide_crystal_templ
Lair:1:   layout_small_grid, portal_ice_cave_demonic_guard
Lair:2:   layout_loops_ring, dummy_snake_entry, special_room [special_room_bee]
Lair:3:   layout_cave_pods, lemuel_fruit_fields
Lair:4:   layout_long_grid, minmay_shoals_entry_centaurs,
          ebering_ghost_rock_garden, beast_lair_carwin_2
Lair:5:   layout_cave_pods
Lair:6:   wormcave, layout_long_grid, guppyfry_lair_end_dragon, slime_altar_2,
          st_stairs_10, grunt_forest_large_clearings, infiniplex_staircase_pool,
          uniq_nessos, uniq_urug
Shoals:1: layout_shoals, hangedman_shoal_volcano, uniq_nikola
Shoals:2: layout_shoals, serial_shops, shop, nicolae_shop_statue_plus, shop,
          shop, shop
Shoals:3: nzn_motion_control, layout_shoals, serial_shops, shop, uniq_polyphemus
Shoals:4: shoals_end_hangedman, layout_shoals
Snake:1:  layout_misc_corridors, serial_shops, shop, minmay_shoptagon,
          lemuel_fruit_tree, uniq_asterion, uniq_kirke
Snake:2:  kennysheep_six_static_rooms, layout_gridlike
Snake:3:  layout_cave_shapes, serial_shops, nicolae_shop_overgrown_old_shop,
          grunt_megastairs_1, uniq_bai_suzhen
Snake:4:  snake_pit, layout_chambers, grunt_ministairs_5
Orc:1:    layout_caves, roderic_batcave, uniq_maurice
Orc:2:    grunt_orc_gardens, layout_diamond_mine, grunt_orc_garden,
          grunt_orc_garden, grunt_orc_garden, grunt_orc_garden, serial_shops,
          shop, uniq_jorgrun

Skill      XL: |  1  2  3  4  5  6  7  8  9 10 11 12 13 14 15 16 17 18 19 |
---------------+----------------------------------------------------------+-----
Armour         | 1 2 3 4 5 7 9 10 11 12 13 14 15 16 17 | 17.0
Maces & Flails | 4 5 6 8 10 11 12 13 14 15 16 17 18 19 | 19.5
Fighting       | 3 4 5 6 7 9 10 11 12 13 14 15 16 17 | 17.2
Evocations     | 2 4 5 7 8 9 10 | 10.0
Dodging        | 4 5 6 8 9 10 11 | 11.7
Shields        | 4 5 |  5.7
Throwing       | |  1.7

Action                   |  1- 3 |  4- 6 |  7- 9 | 10-12 | 13-15 | 16-18 | 19-21 || total
-------------------------+-------+-------+-------+-------+-------+-------+-------++-------
Melee: Flail             |   109 |   145 |   242 |       |       |       |       ||   496
       Mace              |       |       |   133 |   155 |       |       |       ||   288
       Quarterstaff      |       |       |       |   397 |       |       |       ||   397
       Whip              |       |       |       |   339 |       |       |       ||   339
       Great mace        |       |       |       |    61 |  1012 |  1220 |   334 ||  2627
       Unarmed           |       |       |       |       |       |     2 |       ||     2
 Abil: Evoke Berserk Rag |       |       |       |     1 |     2 |     3 |     2 ||     8
       Fly               |       |       |       |       |     1 |       |       ||     1
Evoke: Wand              |       |       |       |     3 |       |       |       ||     3
  Use: Scroll            |     4 |     2 |     5 |     7 |    12 |    10 |     4 ||    44
       Potion            |       |     2 |       |     1 |     1 |       |       ||     4
 Stab: Petrified         |       |       |       |       |       |     3 |       ||     3
  Eat: Chunk             |     2 |     4 |     9 |    19 |    29 |    26 |     9 ||    98
       Ration            |       |       |       |     3 |     1 |     2 |       ||     6
Armor: Leather armour    |    24 |       |       |       |       |       |       ||    24
       Scale mail        |    47 |   118 |   250 |   731 |   591 |   156 |       ||  1893
       Plate armour      |       |       |       |     8 |   395 |   917 |       ||  1320
       Chain mail        |       |       |       |       |       |    25 |   313 ||   338
Dodge: Dodged            |    71 |    90 |   198 |   638 |  1176 |  1207 |   280 ||  3660
       Deflected         |       |       |       |     8 |       |       |       ||     8

Table legend:
 A = Non-vault XP
 B = Vault XP
 C = Vault XP percentage of total XP
 D = Non-vault monster count
 E = Vault monster count
 F = Vault count percentage of total count
                 A         B        C        D         E       F
            +---------+---------+-------+---------+---------+-------
      Total |  246659 |  144672 |  37.0 |     833 |     369 |  30.7
            +---------+---------+-------+---------+---------+-------
        D:1 |      18 |       0 |   0.0 |      12 |       0 |   0.0
        D:2 |      45 |       0 |   0.0 |      17 |       0 |   0.0
        D:3 |      78 |       0 |   0.0 |      26 |       0 |   0.0
        D:4 |     601 |       0 |   0.0 |      24 |       0 |   0.0
        D:5 |     282 |     199 |  41.4 |       8 |       6 |  42.9
        D:6 |    1531 |    1067 |  41.1 |      28 |       7 |  20.0
        D:7 |     719 |     978 |  57.6 |      14 |       5 |  26.3
        D:8 |    1985 |       0 |   0.0 |      34 |       0 |   0.0
        D:9 |    1987 |     560 |  22.0 |      21 |       6 |  22.2
       D:10 |    2829 |       0 |   0.0 |      39 |       0 |   0.0
       D:11 |    2326 |       0 |   0.0 |      24 |       0 |   0.0
       D:12 |    5527 |    1249 |  18.4 |      20 |      37 |  64.9
       D:13 |    8957 |    7832 |  46.6 |      35 |      18 |  34.0
       D:14 |    6291 |    2846 |  31.1 |      25 |       1 |   3.8
       D:15 |   23406 |    8829 |  27.4 |      46 |      10 |  17.9
     Lair:1 |    4076 |     708 |  14.8 |      25 |       2 |   7.4
     Lair:2 |    5383 |    1732 |  24.3 |      23 |      24 |  51.1
     Lair:3 |    1923 |       0 |   0.0 |      13 |       0 |   0.0
     Lair:4 |    4379 |    2896 |  39.8 |      12 |       8 |  40.0
     Lair:5 |    6845 |       0 |   0.0 |      19 |       0 |   0.0
     Lair:6 |   11472 |   20833 |  64.5 |      31 |      73 |  70.2
   Shoals:1 |    6539 |    7650 |  53.9 |      14 |       9 |  39.1
   Shoals:2 |   20636 |       0 |   0.0 |      40 |       0 |   0.0
   Shoals:3 |   17092 |   10398 |  37.8 |      30 |      11 |  26.8
   Shoals:4 |   23156 |   23571 |  50.4 |      49 |      32 |  39.5
    Snake:1 |   16999 |    5156 |  23.3 |      33 |       5 |  13.2
    Snake:2 |   23290 |    3802 |  14.0 |      41 |       6 |  12.8
    Snake:3 |   15061 |    9468 |  38.6 |      30 |       7 |  18.9
    Snake:4 |   18726 |    8525 |  31.3 |      31 |      13 |  29.5
      Orc:1 |    1219 |    1235 |  50.3 |      22 |       8 |  26.7
      Orc:2 |    2148 |   11744 |  84.5 |      24 |      27 |  52.9
    Abyss:2 |   11133 |       0 |   0.0 |      23 |       0 |   0.0
      IceCv |       0 |   13394 | 100.0 |       0 |      54 | 100.0
            +---------+---------+-------+---------+---------+-------
